 Dungeon Crawl Stone Soup version 0.21.1-1-g345015f (webtiles) character file.

333 keltmir the Thaumaturge (level 6, -2/44 HPs)
             Began as a Gnoll Wanderer on Apr 5, 2018.
             Killed from afar by an orc wizard (10 damage)
             ... with a puff of flame
             ... on level 3 of the Dungeon.
             The game lasted 00:12:17 (3467 turns).

keltmir the Thaumaturge (Gnoll Wanderer)            Turns: 3467, Time: 00:12:17

Health: -2/44      AC:  2    Str: 17    XL:     6   Next: 53%
Magic:  15/20      EV: 12    Int: 14    God:
Gold:   171        SH:  5    Dex: 14    Spells: 22/27 levels left

rFire    . . .     SeeInvis .   i - +2 dagger (protect)
rCold    . . .     Gourm    .   (no shield)
rNeg     . . .     Faith    .   d - +0 robe
rPois    .         Spirit   .   (no helmet)
rElec    .         Reflect  +   (no cloak)
rCorr    .         Harm     .   (no gloves)
MR       .....                  (no boots)
Stlth    ++........             k - +5 amulet of reflection
HPRegen  0.14/turn              (no ring)
MPRegen  0.17/turn              (no ring)

@: very slightly contaminated
A: distributed training, fangs 1, strong nose
a: no special abilities


You were on level 3 of the Dungeon.
You were hungry.

You visited 1 branch of the dungeon, and saw 4 of its levels.

You collected 171 gold pieces.

Inventory:

Hand Weapons
 i - a +2 dagger of protection (weapon)
Missiles
 l - 29 arrows
Armour
 d - a +0 robe (worn)
Jewellery
 k - a +5 amulet of reflection (around neck)
Scrolls
 e - 2 scrolls of enchant weapon
 g - 3 scrolls of identify
 m - 2 scrolls of teleportation {unknown}
 n - a scroll of immolation
 o - a scroll of amnesia {unknown}
 p - 2 scrolls of remove curse
 q - a scroll of fog {unknown}
 r - a scroll of enchant armour {unknown}
Potions
 h - a potion of ambrosia
 j - 2 potions of mutation
 u - a potion of haste
 v - a potion of resistance
Books
 a - a book of Changes

   Spells                             Type                      Level
   a - Beastly Appendage              Transmutation                1
   b - Sticks to Snakes               Transmutation                2
   c - Spider Form                    Transmutation/Poison         3
   d - Ice Form                       Ice/Transmutation            4
   e - Blade Hands                    Transmutation                5
 b - the Catalogue of Fire

   Spells                             Type                      Level
   a - Flame Tongue                   Conjuration/Fire             1
   b - Ignite Poison                  Fire/Transmutation/Poison    3
Comestibles
 c - a chunk of flesh
 f - 8 rations


   Skills:
 + Level 2.0 Fighting
 + Level 2.0 Short Blades
 + Level 2.0 Long Blades
 + Level 2.0 Axes
 + Level 2.0 Maces & Flails
 + Level 2.0 Polearms
 + Level 2.0 Staves
 + Level 2.0 Slings
 + Level 2.0 Bows
 + Level 2.0 Crossbows
 + Level 3.2 Throwing
 + Level 2.0 Armour
 + Level 2.0 Dodging
 + Level 3.1 Stealth
 + Level 2.0 Shields
 + Level 2.0 Unarmed Combat
 + Level 11.3 Spellcasting
 + Level 1.5 Conjurations
 + Level 1.5 Hexes
 + Level 1.5 Charms
 + Level 1.5 Summonings
 + Level 1.5 Necromancy
 + Level 1.5 Translocations
 + Level 4.1 Transmutations
 + Level 1.5 Fire Magic
 + Level 1.5 Ice Magic
 + Level 2.6 Air Magic
 + Level 1.5 Earth Magic
 + Level 1.5 Poison Magic
 + Level 2.1 Invocations
 + Level 2.0 Evocations


You had 22 spell levels left.
You knew the following spells:

 Your Spells              Type           Power        Failure   Level  Hunger
a - Beastly Appendage     Tmut           ###...       1%          1    None
b - Flame Tongue          Conj/Fire      ##...        4%          1    None
c - Spider Form           Tmut/Pois      ###.......   9%          3    None


Dungeon Overview and Level Annotations

Branches:
Dungeon (4/15)
 Temple: D:4-7

Altars:
Ashenzari
Trog


Innate Abilities, Weirdness & Mutations

Your experience applies equally to all skills.
You have very sharp teeth.
Your uncanny sense of smell can sniff out nearby items.


Message History

The orc wizard barely misses you.
You miss the orc wizard. You block the orc wizard's attack.
Casting: Flame Tongue
Confirm with . or Enter, or press ? or * to list all spells.
Aiming: Flame Tongue
Press: ? - help, Shift-Dir - straight line, f - orc wizard
Aim: an orc wizard, wielding a dagger and wearing a robe You miscast Flame Tongue.
You are very lightly contaminated with residual magic.
Strange energies run through your body. The orc wizard closely misses you.
Casting: Flame Tongue
Confirm with . or Enter, or press ? or * to list all spells.
Aiming: Flame Tongue
Press: ? - help, Shift-Dir - straight line, f/p - orc wizard
Aim: an orc wizard, wielding a dagger and wearing a robe The flame tongue hits the orc wizard.
The orc wizard is moderately wounded.
The orc wizard points at you and mumbles some strange words.
The puff of flame hits you!
You die...

........#.# #.....#######.....
.......##.# #.................
.......##.# #.....##########.#
##...####.# ##...## #.# ######
#.# ###.###### #.# #
#####.######........# ##'# #
#.......##..........# ##... ##
#.###.#.##.#.#.###..# ##.... .##
#.#.#.#.##.#@#..#...# ##.....
..###.....#.##.#o##.....###......
..'..............>........'......
..###....#..##..%...)...###......
.## #.#.##..####........# ##.....
## #.####..# ####.##### ##.... #
#.......# #.# ###### ####...##
###.### #..... #.###
#.....######...##


You could see an orc wizard.

Vanquished Creatures
  Menkaure (D:4)
  A howler monkey (D:4)
  An iguana (D:4)
  A worker ant (D:4)
  4 adders
  A shadow imp (D:2)
  2 worms
  4 leopard geckos
  An orc (D:4)
  8 bats
  6 giant cockroaches
  8 goblins
  5 hobgoblins
  13 jackals
  2 quokkas (D:3)
  A ball python skeleton (D:3)
  2 frilled lizards (D:3)
  8 kobolds
  8 rats
77 creatures vanquished.

Vanquished Creatures (others)
  A wizard (D:3)
1 creature vanquished.

Grand Total: 78 creatures vanquished

Notes
Turn   | Place    | Note
-------+----------+-------------------------------------------
     0 | D:1      | Reached skill level 11 in Spellcasting
     0 | D:1      | keltmir the Gnoll Wanderer began the quest for the Orb.
     0 | D:1      | keltmir set off with: a book of Changes, the Catalogue of Fire, a potion of curing, a +0 robe, a +0 club, a ration
     0 | D:1      | Reached XP level 1. HP: 13/13 MP: 12/12
     0 | D:1      | Identified the Catalogue of Fire
     2 | D:1      | Learned a level 1 spell: Beastly Appendage
     4 | D:1      | Learned a level 1 spell: Flame Tongue
   158 | D:1      | Reached XP level 2. HP: 12/19 MP: 8/14
   848 | D:2      | Reached XP level 3. HP: 25/25 MP: 12/15
   880 | D:2      | Learned a level 3 spell: Spider Form
   921 | D:2      | Reached skill level 1 in Invocations
   962 | D:2      | Found a shattered altar of Ashenzari.
  1016 | D:2      | HP: 1/25 [kobold/dagger (5)]
  1358 | D:2      | Reached skill level 1 in Fighting
  1358 | D:2      | Reached skill level 1 in Short Blades
  1358 | D:2      | Reached skill level 1 in Long Blades
  1358 | D:2      | Reached skill level 1 in Axes
  1358 | D:2      | Reached skill level 1 in Maces & Flails
  1358 | D:2      | Reached skill level 1 in Polearms
  1358 | D:2      | Reached skill level 1 in Staves
  1358 | D:2      | Reached skill level 1 in Slings
  1358 | D:2      | Reached skill level 1 in Bows
  1358 | D:2      | Reached skill level 1 in Crossbows
  1358 | D:2      | Reached skill level 1 in Armour
  1358 | D:2      | Reached skill level 1 in Dodging
  1358 | D:2      | Reached skill level 1 in Shields
  1358 | D:2      | Reached skill level 1 in Unarmed Combat
  1358 | D:2      | Reached skill level 1 in Evocations
  1667 | D:2      | Reached XP level 4. HP: 32/32 MP: 15/17
  1921 | D:3      | Found a bloodstained altar of Trog.
  1922 | D:3      | Noticed a wizard
  1927 | D:3      | Killed a wizard
  2218 | D:3      | Reached skill level 1 in Conjurations
  2218 | D:3      | Reached skill level 1 in Hexes
  2218 | D:3      | Reached skill level 1 in Charms
  2218 | D:3      | Reached skill level 1 in Summonings
  2218 | D:3      | Reached skill level 1 in Necromancy
  2218 | D:3      | Reached skill level 1 in Translocations
  2218 | D:3      | Reached skill level 1 in Fire Magic
  2218 | D:3      | Reached skill level 1 in Ice Magic
  2218 | D:3      | Reached skill level 1 in Earth Magic
  2218 | D:3      | Reached skill level 1 in Poison Magic
  2431 | D:3      | Reached XP level 5. HP: 37/37 MP: 14/18
  2772 | D:4      | Noticed Menkaure
  2789 | D:4      | Killed Menkaure
  2789 | D:4      | Reached XP level 6. HP: 6/44 MP: 15/20
  3467 | D:3      | Killed from afar by an orc wizard

Skill      XL: |  1  2  3  4  5  6 |
---------------+-------------------+-----
Spellcasting   | | 11.3
Air Magic      | 2 |  2.6
Invocations    | 1 2 |  2.1
Fighting       | 1 2 |  2.0
Short Blades   | 1 2 |  2.0
Long Blades    | 1 2 |  2.0
Axes           | 1 2 |  2.0
Maces & Flails | 1 2 |  2.0
Polearms       | 1 2 |  2.0
Staves         | 1 2 |  2.0
Slings         | 1 2 |  2.0
Bows           | 1 2 |  2.0
Crossbows      | 1 2 |  2.0
Armour         | 1 2 |  2.0
Dodging        | 1 2 |  2.0
Shields        | 1 2 |  2.0
Unarmed Combat | 1 2 |  2.0
Evocations     | 1 2 |  2.0
Conjurations   | 1 |  1.5
Hexes          | 1 |  1.5
Charms         | 1 |  1.5
Summonings     | 1 |  1.5
Necromancy     | 1 |  1.5
Translocations | 1 |  1.5
Fire Magic     | 1 |  1.5
Ice Magic      | 1 |  1.5
Earth Magic    | 1 |  1.5
Poison Magic   | 1 |  1.5
Throwing       | 3 |  3.2
Transmutations | 4 |  4.1
Stealth        | 3 |  3.1

Action                   |  1- 3 |  4- 6 || total
-------------------------+-------+-------++-------
Melee: Dagger            |     9 |    29 ||    38
       Bite              |     2 |     1 ||     3
       Unarmed           |    30 |       ||    30
       Punch             |       |     1 ||     1
 Cast: Flame Tongue      |    46 |    79 ||   125
       Beastly Appendage |     7 |       ||     7
       Spider Form       |     3 |     2 ||     5
Evoke: Wand              |       |     7 ||     7
  Use: Scroll            |     3 |     4 ||     7
       Potion            |     1 |     2 ||     3
  Eat: Chunk             |     2 |     5 ||     7
Armor: Robe              |     9 |    17 ||    26
       Skin              |     1 |       ||     1
Dodge: Dodged            |    32 |    60 ||    92
Block: Other             |    16 |    24 ||    40
       Reflection        |     1 |       ||     1
